 Seeded DCSS version 0.30.1-9-gdf580d7c3d (webtiles) character file.

Game seed: 5 (custom seed)

127316 Kazon the Bringer of Light (level 17, -13/129 HPs)
             Began as a Human Fighter on Oct 17, 2023.
             Was the Champion of the Shining One.
             Mangled by a saltling (23 damage)
             ... in the Desolation of Salt on Oct 20, 2023.
             The game lasted 02:33:26 (19584 turns).

Kazon the Bringer of Light (Human Fighter)         Turns: 19584, Time: 02:33:27

Health: -13/129    AC: 38    Str: 31    XL:     17   Next: 55%
Magic:  19/26      EV: 10    Int:  8    God:    the Shining One [******]
Gold:   2174       SH: 17    Dex: 13    Spells: 16/16 levels left

rFire   + . .        h - +10 zealot's sword {holy, Zealotry, *Rage rN+ EV+3}
rCold   + . .        c - +0 tower shield
rNeg    + + +        e - +9 plate armour of Kadix {Rampage Str+3}
rPois   .            v - +1 helmet
rElec   .            E - scarf {rC+ rF+}
rCorr   .            G - +1 pair of gloves {Str+3}
SInv    .            x - +0 pair of boots
Will    .....        l - amulet of regeneration Stlth
                     (no ring)
HPRegen 1.21/turn    r - ring of the Tortoise {AC+8}
MPRegen 0.20/turn

%: random rage (20%), rampage
@: weak-willed, on berserk cooldown, slowed, glowing, very slow
A: no striking features
a: Renounce Religion, Divine Shield, Cleansing Flame, Summon Divine Warrior


You were in the Desolation of Salt.
You worshipped the Shining One.
The Shining One was exalted by your worship.
You visited 7 branches of the dungeon, and saw 25 of its levels.
You also visited: Ossuary, Ice Cave and Desolation.

You collected 2997 gold pieces.
You spent 823 gold pieces at shops.

Inventory:

Hand Weapons
 f - a +3 scimitar of flaming
 h - the +10 zealot's sword (weapon) {holy, Zealotry, *Rage rN+ EV+3}
   (You found it on level 3 of the Lair of Beasts)

   Zealotry:  Whenever the wielder enters a berserk rage, their allies are
   berserked alongside them.
   EV:        It affects your evasion (+3).
   rN:        It protects you from negative energy.
   *Rage:     It berserks you when you make melee attacks (+20% chance).
 q - a +5 sacred scourge of holy wrath
Missiles
 k - 5 javelins
 B - 6 poisoned darts
 D - 3 boomerangs of dispersal
 O - a throwing net
 S - 4 silver boomerangs
 W - 18 boomerangs (quivered)
Armour
 c - a +0 tower shield (worn)
 e - the +9 plate armour of Kadix (worn) {Rampage Str+3}
   (You acquired it on level 1 of the Dungeon)

   Str:       It affects your strength (+3).
   Rampage:   It bestows one free step when moving towards enemies.
 v - a +1 helmet (worn)
 x - a +0 pair of boots (worn)
 E - a scarf of resistance (worn)
 G - a +1 pair of gloves of strength (worn)
Jewellery
 l - an amulet of regeneration (around neck)
 r - the ring of the Tortoise (right hand) {AC+8}
   (You found it in an ice cave)

   [ring of protection]

   AC:        It affects your AC (+8).
 M - a ring of protection from fire
 N - a ring of protection from fire
Wands
 u - a wand of paralysis (18)
 z - a wand of iceblast (5)
 Q - a wand of light (12)
 R - a wand of digging (7)
 T - a wand of polymorph (3)
 V - a wand of flame (13)
Scrolls
 i - a scroll of identify
 m - 6 scrolls of teleportation
 n - 4 scrolls of blinking
 s - 2 scrolls of summoning {unknown}
 t - 4 scrolls of fog {unknown}
 L - 3 scrolls of fear {unknown}
 Z - a scroll of silence
Potions
 a - a potion of ambrosia
 d - 4 potions of might
 g - 2 potions of resistance
 j - 11 potions of curing
 w - 3 potions of heal wounds
 C - 3 potions of lignification
 I - a potion of haste
 K - 2 potions of berserk rage
 P - 2 potions of cancellation
Miscellaneous
 b - a lightning rod (4/4)
 Y - a phial of floods


   Skills:
 + Level 10.5 Fighting
 + Level 10.4 Long Blades
 + Level 11.3(12.7) Axes
 + Level 9.5(11.8) Maces & Flails
 + Level 7.8 Throwing
 * Level 10.5 Armour
 + Level 2.4 Dodging
 + Level 1.1 Stealth
 + Level 12.0 Shields
 + Level 1.2 Unarmed Combat
 * Level 13.0 Invocations
 + Level 9.5 Evocations


You had 16 spell levels left.
You didn't know any spells.
Your spell library contained the following spells:

 Spells                   Type           Power      Damage    Failure   Level
 Foxfire                  Conj/Fire      0%         2x1d4     100%        1
 Ensorcelled Hibernation  Hex/Ice        0%         N/A       100%        2
 Static Discharge         Conj/Air       0%         2-2/arc   100%        2
 Frozen Ramparts          Ice            0%         1d1       100%        3
 Hailstorm                Conj/Ice       0%         3d3       100%        3
 Ignite Poison            Fire/Tmut/Pois 0%         N/A       100%        3
 Airstrike                Air            0%         2d(0-16)  100%        4
 Ice Form                 Ice/Tmut       0%         N/A       100%        4
 Leda's Liquefaction      Hex/Erth       0%         N/A       100%        4
 Sticky Flame             Conj/Fire      0%         2d3       100%        4
 Summon Ice Beast         Ice/Summ       0%         N/A       100%        4
 Summon Lightning Spire   Summ/Air       0%         N/A       100%        4
 Alistair's Intoxication  Tmut/Pois      0%         N/A       100%        5
 Blade Hands              Tmut           0%         N/A       100%        5
 Borgnjor's Vile Clutch   Necr/Erth      0%         N/A       100%        5
 Fireball                 Conj/Fire      0%         3d3       100%        5
 Lee's Rapid Deconstruct  Erth           0%         3d4*      100%        5
 Summon Forest            Summ/Tloc      0%         N/A       100%        5
 Conjure Ball Lightning   Conj/Air       0%         3x3d6     100%        6
 Eringya's Noxious Bog    Tmut/Pois      0%         N/A       100%        6
 Plasma Beam              Fire/Air       0%         2x1d11    100%        6
 Simulacrum               Ice/Necr       0%         N/A       100%        6
 Starburst                Conj/Fire      0%         6d3       100%        6
 Statue Form              Tmut/Erth      0%         N/A       100%        6
 Summon Hydra             Summ           0%         N/A       100%        7
 Discord                  Hex            0%         N/A       100%        8
 Disjunction              Tloc           0%         N/A       100%        8
 Ignition                 Fire           0%         3d3       100%        8


Dungeon Overview and Level Annotations

Branches:
Dungeon (14/15)            Temple (1/1) D:4            Lair (5/5) D:8
  Swamp (1/4) Lair:3        Snake (1/4) Lair:3        Slime (0/5) Lair:5
    Orc (2/2) D:11            Elf (1/3) Orc:2        Vaults (0/5) D:13
Ossuary (visited)           IceCv (visited)         Desolation (1/1)

Altars:
Dithmenos
Fedhas
Hepliaklqana
Qazlal
Sif Muna
Trog
Uskayaw
Wu Jian
Xom
The Shining One

Shops:
D:8 *   Orc:2 [(**   Elf:1 [


Message History

Your angel hits the saltling but does no damage.
A molten gargoyle comes into view. It is wielding a +0 mace.
You block the ironbound convoker's attack.
The servant of whispers hits you but does no damage.
You hit the servant of whispers but do no damage.
The servant of whispers is moderately wounded.
Your angel hits the saltling with a +3 sacred scourge of holy wrath. x2
The peacekeeper roars a battlecry!
The golems go into a battle-frenzy!
You block the ironbound convoker's attack.
The imperial myrmidon gestures at you while chanting.
Your body is wracked with pain!
* * * LOW HITPOINT WARNING * * *
You feel much better.
The peacekeeper roars a battlecry!
A peacekeeper comes into view.
Your angel hits the ironbound convoker with a +3 sacred scourge of holy wrath!!
Your angel hits the ironbound convoker with a +3 sacred scourge of holy wrath!
The ironbound convoker dies!
You block the servant of whispers's attack.
The guardian serpent coils itself and waves its upper body at you.
You easily resist.
The imperial myrmidon hits you with a +0 scimitar!!!
The Shining One protects you from harm! The saltling hits you.
* * * LOW HITPOINT WARNING * * *
A saltling comes into view.
Your angel hits the imperial myrmidon with a +3 sacred scourge of holy wrath! x2
The imperial myrmidon hits you with a +0 scimitar!!
* * * LOW HITPOINT WARNING * * *
Your willpower is stripped away!
You slash the servant of whispers!
The servant of whispers is heavily wounded.
Your angel barely misses the imperial myrmidon.
Your angel hits the imperial myrmidon with a +3 sacred scourge of holy wrath!
The saltling barely misses you.
You block the guardian serpent's attack.
You block the servant of whispers's attack.
The saltling hits you!!
You die...

#...... ........#
#...... ..9.....#
#.....# .........
#.....# .........
#...... ........#
#...... .....99.#
#...... .......S##
##......
......9@8########8......
...#..9aa...............
..9...A9................
...9...)..............#.
...9....................
..........).............
.......................#
........................
...................... .


You could see a servant of whispers (strong, stilling wind, ally target), an
imperial myrmidon (strong), 2 peacekeepers, a guardian serpent, 2 molten
gargoyles, 5 saltlings and a friendly angel (summoned).

Vanquished Creatures
  Rupert (D:12)
  A thorn hunter (Swamp:1)
  The ghost of Kilet the Geomancer, an adept GrEE of Vehumet (D:14)
  A deep elf sorcerer (Elf:1)
  A halazid warlock (Desolation)
  A white draconian (IceCv)
  Azrael (Elf:1)
  Snorg (D:10)
  Josephine (Orc:1)
  2 servants of whispers
  A deep elf high priest (Elf:1)
  4 vault guards (D:13)
  A peacekeeper (Desolation)
  A rakshasa (D:14)
  8 hydras
  5 ogre magi
  4 centaur warriors
  13 two-headed ogres
  2 anacondas (Snake:1)
  A dancing weapon (D:14)
  3 boulder beetles
  A death yak (Lair:2)
  A tengu warrior (D:11)
  2 naga sharpshooters (Snake:1)
  A shock serpent (Snake:1)
  A deep elf knight (Elf:1)
  3 skeletal warriors (D:14)
  A skyshark (Lair:4)
  Amaemon (Lair:2)
  A fire crab (shapeshifter) (D:14)
  A goliath frog (Swamp:1)
  A spriggan druid (Swamp:1)
  A deep elf archer (Elf:1)
  A naga ritualist (Snake:1)
  4 deep elf zephyrmancers (Elf:1)
  An orc knight (D:12)
  2 orc sorcerers
  12 deep elf pyromancers
  12 ugly things
  3 mana vipers (Snake:1)
  3 manticores
  5 cyclopes
  A cyclops (shapeshifter) (D:13)
  A will-o-the-wisp (Swamp:1)
  A salamander (Snake:1)
  12 elephants
  Maurice (D:9)
  9 black mambas
  14 cane toads
  An orange demon (Lair:2)
  4 gargoyles
  An efreet (D:13)
  An unseen horror (D:10)
  10 komodo dragons
  A rime drake (IceCv)
  A tengu conjurer (D:14)
  8 polar bears
  3 meliai (D:14)
  2 meliai (shapeshifter)
  5 trolls
  6 hornets (Lair:5)
  A wind drake (shapeshifter) (D:12)
  7 saltlings
  A dream sheep (Lair:5)
  5 blink frogs
  A slime creature (D:12)
  4 shadows
  12 spriggans (Lair:5)
  Sigmund (D:4)
  4 vampires
  A water elemental (D:12)
  5 wraiths
  8 wyverns
  27 yaks
  7 basilisks
  A human (shapeshifter) (D:14)
  3 steam dragons
  2 fire elementals (Elf:1)
  4 vampire mosquitoes
  3 swamp worms
  2 wargs
  A naga (Snake:1)
  An acid dragon (D:13)
  Duvessa (D:6)
  17 water moccasins
  2 hell hounds (Elf:1)
  7 orc warriors
  An ice beast (D:8)
  A sky beast (D:7)
  7 black bears
  40 wolves
  7 centaurs
  28 ogres
  4 boggarts (Lair:5)
  A phantom (D:11)
  An elf zombie (Ossuary)
  3 kobold brigands
  12 bullfrogs
  A gnoll sergeant (D:8)
  3 scorpions
  23 wights
  A troll zombie (D:11)
  12 killer bees
  Dowan (D:6)
  4 lindwurm simulacra (IceCv)
  5 howler monkeys
  A vampire bat (D:7)
  3 electric eels
  3 komodo dragon simulacra (IceCv)
  6 hounds
  A wyvern simulacrum (D:8)
  A centaur zombie (Ossuary)
  16 orc priests
  3 human zombies (Ossuary)
  A jelly (D:5)
  6 iguanas
  19 orc wizards
  11 ogre zombies
  A centaur simulacrum (D:8)
  7 mummies (Ossuary)
  15 gnolls
  5 acid dragon simulacra (IceCv)
  9 adders
  A shadow imp (D:8)
  13 white imps
  2 ufetubi
  9 steam dragon simulacra (IceCv)
  A worm zombie (D:7)
  2 adder zombies (Ossuary)
  3 worms
  51 orcs
  12 bats
  9 endoplasms
  A giant cockroach (D:1)
  12 goblins
  7 hobgoblins
  11 jackals
  22 kobolds
  3 quokkas (D:4)
  6 ball pythons
  3 frilled lizards
  A goblin skeleton (D:11)
  7 goblin zombies
  2 hobgoblin skeletons (D:11)
  10 hobgoblin zombies
  3 kobold zombies
  15 orc zombies (D:11)
  4 quokka zombies (Ossuary)
  4 rats
  4 rat zombies (Ossuary)
803 creatures vanquished.

Vanquished Creatures (collateral kills)
  A halazid warlock (Desolation)
  A crystal guardian (Desolation)
  3 ragged hierophants (Desolation)
  2 servants of whispers (Desolation)
  3 peacekeepers (Desolation)
  A deep elf knight (Elf:1)
  An ironbound convoker (Desolation)
  3 deep elf pyromancers (Elf:1)
  A cyclops (Desolation)
  2 guardian serpents (Desolation)
  A hornet (D:9)
  20 saltlings (Desolation)
  A fire elemental (Elf:1)
  An orc warrior (D:9)
  2 centaurs (D:9)
  An earth elemental (Elf:1)
  An orc priest (D:9)
  An orc wizard (D:9)
  3 orcs (D:9)
49 creatures vanquished.

Vanquished Creatures (others)
  3 rime drakes (IceCv)
  A saltling (Desolation)
  4 foxfires (Swamp:1)
8 creatures vanquished.

Grand Total: 860 creatures vanquished

Notes
Turn   | Place    | Note
-------+----------+-------------------------------------------
     0 | D:1      | Kazon the Human Fighter began the quest for the Orb.
     0 | D:1      | Reached XP level 1. HP: 18/18 MP: 1/1
    56 | D:1      | Identified a scroll of acquirement
    56 | D:1      | Acquired the +9 plate armour of Kadix {Rampage Str+3}
    77 | D:1      | Reached XP level 2. HP: 22/24 MP: 2/2
   150 | D:1      | Reached XP level 3. HP: 23/29 MP: 3/3
   902 | D:2      | Reached XP level 4. HP: 35/35 MP: 4/4
  1167 | D:2      | Reached skill level 1 in Throwing
  1261 | D:2      | Reached XP level 5. HP: 41/41 MP: 5/5
  1564 | D:3      | Found a blossoming altar of Fedhas.
  1664 | D:3      | You fall into a shaft and drop 2 floors!
  1664 | D:5      | Entered Level 5 of the Dungeon
  1681 | D:4      | Noticed Sigmund
  1691 | D:4      | Killed Sigmund
  1692 | D:4      | Reached XP level 6. HP: 40/48 MP: 6/6
  1718 | D:4      | Found a staircase to the Ecumenical Temple.
  1732 | Temple   | Entered the Ecumenical Temple
  1739 | Temple   | Became a worshipper of the Shining One
  1788 | D:4      | Noticed a black bear
  1803 | D:4      | Killed a black bear
  1804 | D:4      | Reached XP level 7. HP: 41/54 MP: 7/7
  1810 | D:4      | Found a hazy altar of Hepliaklqana.
  1811 | D:4      | Found a shadowy altar of Dithmenos.
  1811 | D:4      | Noticed a shadow
  1974 | D:3      | Found a stormy altar of Qazlal.
  2084 | D:3      | Identified the +2 sling "Qeuhanocyt" {speed, rElec Str-3
                  | Dex+2}
  2168 | D:3      | Found a faded altar of an unknown god.
  2353 | D:4      | Reached skill level 5 in Axes
  2353 | D:4      | Reached skill level 1 in Invocations
  2595 | D:4      | Reached skill level 2 in Invocations
  2916 | D:5      | Reached skill level 1 in Evocations
  2924 | D:5      | Reached XP level 8. HP: 44/60 MP: 9/9
  3218 | D:6      | Reached skill level 3 in Invocations
  3358 | D:6      | Noticed Dowan
  3359 | D:6      | Noticed Duvessa
  3369 | D:6      | Killed Duvessa
  3372 | D:6      | Killed Dowan
  3474 | D:6      | Reached XP level 9. HP: 66/66 MP: 11/11
  3538 | D:6      | Found a shimmering altar of Xom.
  3573 | D:6      | Reached * piety under the Shining One
  3706 | D:7      | Reached skill level 5 in Fighting
  3776 | D:7      | Reached skill level 4 in Invocations
  3817 | D:7      | Reached ** piety under the Shining One
  3866 | D:7      | Found a sand-covered staircase.
  3899 | Ossuary  | Entered an ossuary
  4025 | Ossuary  | Reached *** piety under the Shining One
  4148 | Ossuary  | Reached XP level 10. HP: 76/76 MP: 13/13
  4163 | Ossuary  | Reached **** piety under the Shining One
  4164 | Ossuary  | Reached skill level 1 in Maces & Flails
  4470 | D:7      | Noticed a two-headed ogre
  4484 | D:7      | Killed a two-headed ogre
  4485 | D:7      | Reached skill level 5 in Invocations
  4912 | D:8      | Reached ***** piety under the Shining One
  5098 | D:8      | Reached skill level 5 in Evocations
  5123 | D:8      | Reached skill level 5 in Armour
  5311 | D:8      | Reached skill level 5 in Shields
  5349 | D:8      | Reached XP level 11. HP: 72/81 MP: 15/15
  5368 | D:8      | Reached skill level 6 in Invocations
  5448 | D:8      | Found a staircase to the Lair.
  5502 | D:8      | Found Izo Qiri's Assorted Antiques.
  5511 | D:8      | Bought a scroll labelled WAUNLI UTHRAAG for 29 gold pieces
  5511 | D:8      | Bought a sedimented brown potion for 26 gold pieces
  5511 | D:8      | Bought a curved iron wand for 116 gold pieces
  6342 | D:9      | Paralysed by a hornet for 2 turns
  6351 | D:9      | Reached skill level 5 in Throwing
  6565 | D:9      | Noticed Maurice
  6589 | D:9      | Killed Maurice
  6808 | D:9      | Reached skill level 1 in Unarmed Combat
  7175 | D:10     | Entered Level 10 of the Dungeon
  7203 | D:10     | Noticed a two-headed ogre
  7212 | D:10     | Killed a two-headed ogre
  7264 | D:10     | Reached skill level 7 in Invocations
  7559 | D:10     | Noticed Snorg
  7576 | D:10     | Killed Snorg
  7577 | D:10     | Reached skill level 1 in Dodging
  7577 | D:10     | Reached XP level 12. HP: 23/89 MP: 5/17
  7586 | D:10     | Found a shimmering blue altar of Sif Muna.
  7902 | D:10     | Reached skill level 10 in Axes
  8015 | Lair:1   | Entered Level 1 of the Lair of Beasts
  8302 | Lair:1   | Reached skill level 8 in Invocations
  8763 | Lair:2   | Reached skill level 1 in Long Blades
  8809 | Lair:2   | Noticed a five-headed hydra
  8819 | Lair:2   | Killed a one-headed hydra
  9047 | Lair:3   | Reached XP level 13. HP: 94/96 MP: 19/19
  9078 | Lair:3   | Found a staircase to the Swamp.
  9078 | Lair:3   | Found the +10 zealot's sword {holy, Zealotry, *Rage rN+
                  | EV+3}
  9202 | Lair:2   | Found an ornate altar of the Wu Jian Council.
  9425 | Lair:2   | Noticed Amaemon
  9444 | Lair:2   | Killed Amaemon
  9584 | Lair:3   | Found a staircase to the Snake Pit.
 10148 | Lair:3   | Reached skill level 9 in Invocations
 10356 | Lair:4   | Reached skill level 5 in Long Blades
 10614 | Lair:4   | Noticed a four-headed hydra
 10623 | Lair:4   | Killed a one-headed hydra
 10639 | Lair:4   | Noticed a four-headed hydra
 10649 | Lair:4   | Killed a one-headed hydra
 11015 | Lair:4   | Reached XP level 14. HP: 105/105 MP: 20/20
 11178 | Lair:5   | Entered Level 5 of the Lair of Beasts
 11499 | Lair:5   | Found a staircase to the Slime Pits.
 11537 | Lair:5   | Reached ****** piety under the Shining One
 11771 | Lair:5   | Reached skill level 10 in Shields
 11942 | Lair:5   | Reached skill level 10 in Invocations
 12712 | D:11     | Identified a +3 sacred scourge of holy wrath (a +1 demon
                  | whip of venom blessed by the Shining One)
 12712 | D:11     | Received a gift from the Shining One
 12910 | D:11     | Found a staircase to the Orcish Mines.
 13696 | D:12     | Found a frozen archway.
 13740 | IceCv    | Entered an ice cave
 13816 | IceCv    | Found the ring of the Tortoise {AC+8}
 14001 | IceCv    | Noticed a white draconian
 14029 | IceCv    | Killed a white draconian
 14030 | IceCv    | Reached XP level 15. HP: 106/112 MP: 22/22
 14056 | IceCv    | Identified the ring of Omumul {*Corrode rC+ Int+5 Dex+2
                  | Stlth+}
 14548 | D:12     | Noticed Rupert
 14557 | D:12     | Paralysed by Rupert for 3 turns
 14567 | D:12     | Killed Rupert
 15114 | Swamp:1  | Entered Level 1 of the Swamp
 15117 | Swamp:1  | Reached skill level 5 in Maces & Flails
 15146 | Swamp:1  | Reached skill level 1 in Stealth
 15177 | Swamp:1  | Noticed a thorn hunter
 15194 | Swamp:1  | Killed a thorn hunter
 15466 | Snake:1  | Entered Level 1 of the Snake Pit
 15485 | Snake:1  | Identified the ring of Enowk {Ice Int+5}
 15629 | Snake:1  | Reached skill level 11 in Invocations
 15662 | Snake:1  | Reached skill level 10 in Long Blades
 16010 | D:13     | Got the Verses on Mutagenic Frost
 16172 | D:13     | Found a gate to the Vaults.
 16316 | D:13     | Identified the +1 robe of the Marlin {-Tele rN+ Dex+3}
 16671 | D:13     | Reached XP level 16. HP: 100/120 MP: 21/24
 16771 | D:14     | Found a runed translucent door.
 16772 | D:14     | Found a shimmering altar of Xom.
 16772 | D:14     | Noticed Kilet's ghost (adept GrEE)
 16830 | D:14     | Killed Kilet's ghost
 16993 | D:14     | Found a hide-covered altar of Uskayaw.
 17676 | Orc:1    | Entered Level 1 of the Orcish Mines
 17944 | Orc:2    | Entered Level 2 of the Orcish Mines
 17944 | Orc:2    | Noticed Josephine
 18343 | Orc:1    | Killed Josephine
 18359 | Orc:1    | Reached skill level 12 in Invocations
 18660 | Orc:2    | Found a staircase to the Elven Halls.
 18789 | Orc:2    | Found Itoejit's Antique Weapon Shop.
 18789 | Orc:2    | Found Lifoc's Assorted Antiques.
 18791 | Orc:2    | Found Jigu's Antique Armour Emporium.
 18791 | Orc:2    | Found Fiots's General Store.
 18857 | Orc:2    | Reached skill level 10 in Fighting
 18874 | Orc:2    | Bought a scroll labelled FOQEFA DOBLIOG for 41 gold pieces
 18876 | Orc:2    | Bought a pair of glowing gloves for 187 gold pieces
 18876 | Orc:2    | Bought a crude chain mail for 237 gold pieces
 18876 | Orc:2    | Identified the +3 chain mail of the Game of Life {Fly rPois
                  | rN++ Dex-5} (You bought it in a shop on level 2 of the
                  | Orcish Mines)
 18876 | Orc:2    | Bought a runed cloak for 187 gold pieces
 19035 | Elf:1    | Entered Level 1 of the Elven Halls
 19147 | Elf:1    | Noticed Azrael
 19160 | Elf:1    | Killed Azrael
 19161 | Elf:1    | Reached XP level 17. HP: 72/128 MP: 26/26
 19194 | Elf:1    | Paralysed by an orc sorcerer for 3 turns
 19216 | Elf:1    | Reached skill level 10 in Armour
 19304 | Elf:1    | Found Diphira's Armour Shoppe.
 19427 | Elf:1    | Found a crumbling gateway.
 19467 | Desolati | Entered the Desolation of Salt
 19575 | Desolati | Reached skill level 13 in Invocations
 19583 | Desolati | The Shining One protects you from harm!
 19584 | Desolati | Mangled by a saltling

Illustrated notes

Levels and vault maps discovered:
D:1:      ebering_trefoil_3fold, layout_basic, st_stairs_14, serial_bayou_ford_a
D:2:      layout_basic, hangedman_decor_growths, minmay_close_crescents
D:3:      layout_rooms, mainiacjoe_overflow_concentric_impassable,
          mainiacjoe_overflow_paths, shapermc_ecumenical_altar_acropolis,
          chequers_serial_rivers_micro_b
D:4:      layout_basic, riverfiend_overflow_shadow_ancestor,
          minmay_temple_entry_glass, uniq_sigmund
D:5:      layout_gridville
D:6:      layout_basic, xom_teletrap_fun, uniq_duvessa
D:7:      layout_loops_ring, enter_ossuary_3, roderic_batcave
D:8:      layout_layer_cave, minmay_lair_entry_grove, serial_shops,
          nicolae_lakefront_shop, serial_ice, serial_ice_o, serial_ice_d,
          serial_ice_k, serial_ice_a
D:9:      layout_loops_ring, nicolae_wwwww, uniq_maurice
D:10:     layout_irregular_city, led_sif_pool, uniq_snorg
D:11:     layout_basic, zombieorc2_lemuel, chequers_garden
D:12:     layout_basic, portal_ice_cave_entry_imps,
          chequers_serial_rivers_micro_e, minivault_28, uniq_rupert
D:13:     layout_basic, lightli_vaults_fourway_checkpoint, serial_corexii_hall,
          chequers_hall_statues_wall_a, chequers_hall_statues_wall_a
D:14:     layout_irregular_city, nicolae_uskayaw_dance_hall, ebering_ghost_xom,
          grunt_ministairs_12
Temple:   nicolae_temple_elliptical
Lair:1:   layout_big_grid, serial_bayou_pond_a
Lair:2:   layout_gridlike, basic_altar, uniq_amaemon
Lair:3:   layout_small_grid, swamp_mist, minmay_snake_entry_six_corridors,
          worms_lemuel, serial_bayou_shore_a
Lair:4:   layout_gridlike, nzn_random_ring, infiniplex_staircase_pool_2
Lair:5:   minmay_lair_end_enchanted_forest, layout_misc_corridors,
          dpeg_slime_entry_enclosed
Swamp:1:  layout_basic_swamp, evilmike_swamp_ruin_wall, swamp_pool2,
          nicolae_swamp_very_dense_foliage, infiniplex_staircase_pool,
          uniq_kirke, uniq_frances
Snake:1:  layout_grid_maze, basic_altar, nicolae_snake_guarding_the_ruins,
          minmay_shop_star, uniq_donald, uniq_nikola
Orc:1:    layout_caves, serial_shops, nicolae_orc_sculptors_studio
Orc:2:    st_orc_ogre_mass, layout_caves, basic_altar, nicolae_orc_tapped_out,
          uniq_josephine
Elf:1:    nicolae_elf_arrival_fired_up, layout_gridlike,
          portal_desolation_entry_nicolae_nacl, serial_shops, shop,
          nicolae_shop_rolled_up, shop, hangedman_elf_represent, uniq_azrael
Desolation

Skill      XL: |  1  2  3  4  5  6  7  8  9 10 11 12 13 14 15 16 17 |
---------------+----------------------------------------------------+-----
Axes           | 3 4 5 6 8 9 10 11 | 11.3
Throwing       | 1 2 3 4 5 6 7 |  7.8
Fighting       | 4 5 6 7 8 9 10 | 10.5
Invocations    | 2 3 4 5 7 8 9 10 11 12 13 | 13.0
Evocations     | 1 2 3 5 6 7 8 9 |  9.5
Armour         | 4 5 6 7 9 10 | 10.5
Shields        | 4 5 7 8 9 10 11 12 | 12.0
Maces & Flails | 2 3 6 8 9 |  9.5
Unarmed Combat | 1 |  1.2
Dodging        | 1 2 |  2.4
Long Blades    | 1 7 9 10 | 10.4
Stealth        | 1 |  1.1

Action                     |  1- 3 |  4- 6 |  7- 9 | 10-12 | 13-15 | 16-18 || total
---------------------------+-------+-------+-------+-------+-------+-------++-------
  Melee: War axe           |    86 |   128 |       |       |       |       ||   214
         Hand axe          |       |       |   327 |   827 |   155 |       ||  1309
         Whip              |       |       |    87 |    49 |       |       ||   136
         Unarmed           |       |       |       |    20 |       |       ||    20
         Eudemon blade     |       |       |       |       |   610 |    78 ||   688
         Sacred scourge    |       |       |       |       |   318 |   549 ||   867
  Throw: Stone             |       |     8 |    32 |    28 |   134 |       ||   202
         Dart              |       |       |    12 |    22 |    57 |   120 ||   211
         Boomerang         |       |       |    17 |    67 |     6 |    21 ||   111
         Javelin           |       |       |       |       |    11 |     2 ||    13
         Throwing net      |       |       |       |       |     1 |       ||     1
 Invoke: Divine Shield     |       |       |     1 |     3 |       |     1 ||     5
         Summon Divine War |       |       |       |     1 |       |     3 ||     4
         Brand Weapon With |       |       |       |       |     1 |       ||     1
         Cleansing Flame   |       |       |       |       |     1 |       ||     1
  Evoke: Wand              |       |       |       |     7 |    33 |     1 ||    41
    Use: Scroll            |     1 |       |     1 |     8 |    10 |     7 ||    27
         Potion            |     1 |       |       |     1 |       |     6 ||     8
 Armour: Scale mail        |    15 |       |       |       |       |       ||    15
         Plate armour      |    37 |    89 |   214 |   448 |   482 |   301 ||  1571
  Dodge: Dodged            |    25 |    38 |    86 |   136 |   198 |   125 ||   608
  Block: Buckler           |    23 |    37 |   108 |     3 |       |       ||   171
         Tower shield      |       |       |       |   732 |   778 |   463 ||  1973
